 Dungeon Crawl Stone Soup version 0.14-a0-3247-g5fd345f (webtiles) character file.

2871 Psiweapon the Quickloader (level 9, -9/47 HPs)
             Began as a Kobold Hunter on Mar 12, 2014.
             Was a Believer of Dithmenos.
             Mangled by Erolcha
             ... wielding a +2,+5 giant club
              (15 damage)
             ... on Level 8 of the Dungeon.
             The game lasted 00:32:17 (6474 turns).

Psiweapon the Quickloader (Kobold Hunter)           Turns: 6474, Time: 00:32:17

HP  -9/47        AC  8     Str 12      XL: 9   Next: 72%
MP   9/9         EV 11     Int 16      God: Dithmenos [**....]
Gold 504         SH  0     Dex 18      Spells:  1 memorised,  5 levels left

rFire  + . .     SeeInvis .     b - +1,+2 crossbow
rCold  + . .     Clarity  .     j - +2 ring mail of Gelof {Str+1 Int+1}
rNeg   . . .     Conserve .     (no shield)
rPois  +         rCorr    .     (no helmet)
rElec  +         rRot     .     e - +0 cloak
SustAb . .       Spirit   .     (no gloves)
rMut   .         Warding  .     (no boots)
Saprov + + .     Stasis   .     (no amulet)
MR     .....                    (no ring)
                                y - +5 ring of intelligence

@: wreathed by umbra, not resistant to hostile enchantments, extremely stealthy
A: disease resistance, carnivore 3, saprovore 2
a: Shadow Step, Renounce Religion


You were on level 8 of the Dungeon.
You worshipped Dithmenos.
Dithmenos was pleased with you.
You were completely stuffed.

You visited 2 branches of the dungeon, and saw 9 of its levels.

You collected 504 gold pieces.

Inventory:

Hand weapons
 a - a +0,+0 short sword
 b - a +1,+2 crossbow (weapon)
 n - a +2,+3 trident of dragon slaying
Missiles
 c - 7 bolts (quivered)
 i - 4 tomahawks
 t - 16 exploding darts
 w - 5 needles of confusion
 F - 17 poisoned needles
Armour
 d - a +0 leather armour
 e - a +0 cloak (worn)
 j - the +2 ring mail of Gelof (worn) {Str+1 Int+1}
   (You found it on level 4 of the Dungeon)

   It affects your strength (+1).
   It affects your intelligence (+1).
 s - a +0 leather armour of cold resistance
 E - a cursed +0 leather armour
Magical devices
 o - a wand of magic darts (15)
 x - a wand of polymorph (6)
 A - a wand of frost (7)
 J - a wand of flame (7)
 L - a wand of paralysis (3)
Comestibles
 f - 5 meat rations
 P - a chunk of rat flesh
Scrolls
 g - 3 scrolls of amnesia
 h - 6 scrolls of identify
 q - a scroll of recharging
 r - 4 scrolls of remove curse
 I - a scroll of noise
 M - a scroll of magic mapping
Jewellery
 y - a +5 ring of intelligence (left hand)
 K - an uncursed ring of fire
Potions
 l - a potion of heal wounds
 u - a potion of might
 v - a potion of flight
 z - a potion of magic
 C - a potion of agility
 D - a potion of mutation
 G - 2 potions of curing
 H - 3 potions of restore abilities
 N - a potion of berserk rage {unknown}
Books
 m - a book of Summonings

   Spells                             Type                      Level
   *Abjuration                        Summoning                    3
   Recall                             Summoning/Translocation      3
   Summon Elemental                   Summoning                    4
   Shadow Creatures                   Summoning                    5
   Summon Demon                       Summoning                    5
   Monstrous Menagerie                Summoning                    6


   Skills:
 - Level 1.1 Fighting
 + Level 7.2 Short Blades
 * Level 10.9 Crossbows
 - Level 2.4 Dodging
 + Level 8.5 Stealth
 - Level 3.8 Summonings


You had 5 spell levels left.
You knew the following spells:

 Your Spells              Type           Power        Failure   Level  Hunger
a - Abjuration            Summ           ##........   28%         3    ####...


Dungeon Overview and Level Annotations

Branches:
Dungeon (8/15)             Temple (1/1) D:4
   Lair: D:8-11

Altars:
Ashenzari
Cheibriados
Dithmenos
Elyvilon
Kikubaaqudgha
Makhleb
Okawaru
Sif Muna
Xom

Portals:
Bailey: D:7

Annotations:
D:8 Erolcha


Innate Abilities, Weirdness & Mutations

You recuperate from illness quickly.
You are small and have problems with some larger weapons.
You are carnivorous and can eat meat at any time.
You can eat rotten meat.


Message History

You resist.
Firing (i - inventory. (,) - cycle):
c - 9 bolts (quivered)
Press: ? - help, Shift-Dir - straight line, f/p - Erolcha
Aim: Erolcha, wielding a giant club and wearing a robe (lightly wounded)
You shoot a bolt. The bolt hits Erolcha.
Erolcha is lightly wounded.
Erolcha casts a spell at you.
The fireball explodes!
The fireball engulfs you!
Your scroll of immolation catches fire!
Ouch! That really hurt!
* * * LOW HITPOINT WARNING * * *
Drink which item? (? for menu, Esc to quit)
You feel protected.
Firing (i - inventory. (,) - cycle):
c - 8 bolts (quivered)
Press: ? - help, Shift-Dir - straight line, f/p - Erolcha
Aim: Erolcha, wielding a giant club and wearing a robe (lightly wounded, umbra)
You shoot a bolt. The bolt hits Erolcha.
Erolcha is moderately wounded.
Erolcha hits you with a giant club!
You die...

#.# ######...%.. #.#
#...%.. #.# #..%... #.#
#...<## #.# #....+ #.#
#....# #.# #....#
+.##########....+
#..####@..............#
....((.O.................
########################


You could see Erolcha.

Vanquished Creatures
  A fire bat (D:7)
  A hippogriff (D:7)
  The ghost of Psiweapon the Bolt Thrower, an average KoHu (D:3)
  3 ogres
  An orc warrior (D:7)
  A phantom (D:4)
  2 ice beasts (D:7)
  A sky beast (D:6)
  2 centaurs (D:6)
  3 giant frogs
  Blork the orc (D:4)
  2 killer bees
  A scorpion (D:5)
  A crimson imp (D:6)
  An orc wizard (D:7)
  5 hounds
  3 orc priests
  A jelly (D:5)
  A worker ant (D:4)
  Ijyb (D:2)
  An ogre skeleton (D:4)
  6 gnolls
  A mummy (D:6)
  A scorpion zombie (D:6)
  A giant mite (D:2)
  7 adders
  An inept item mimic (D:6)
  2 shadow imps
  5 worms
  6 giant geckos
  An ooze (D:4)
  13 orcs
  3 ball pythons
  A bat skeleton (D:5)
  9 hobgoblins
  2 jackals (D:5)
  8 kobolds
  16 bats
  7 giant cockroaches
  A giant cockroach zombie (D:4)
  4 giant newts
  10 goblins
  2 hobgoblin skeletons
  3 quokkas
  21 rats
165 creatures vanquished.

Vanquished Creatures (others)
  A plant (D:8)
1 creature vanquished.

Grand Total: 166 creatures vanquished

Notes
Turn   | Place    | Note
--------------------------------------------------------------
     0 | D:1      | Psiweapon, the Kobold Hunter, began the quest for the Orb.
     0 | D:1      | Reached XP level 1. HP: 12/12 MP: 1/1
    89 | D:1      | Reached skill level 5 in Crossbows
   147 | D:1      | Reached XP level 2. HP: 6/16 MP: 2/2
   998 | D:2      | Reached XP level 3. HP: 18/20 MP: 3/3
  1159 | D:2      | Reached skill level 6 in Crossbows
  1511 | D:2      | Noticed Ijyb
  1519 | D:2      | Killed Ijyb
  1519 | D:2      | Reached XP level 4. HP: 12/25 MP: 4/4
  1825 | D:3      | Noticed Psiweapon's ghost (average KoHu)
  1845 | D:3      | Killed Psiweapon's ghost
  1845 | D:3      | Reached skill level 8 in Crossbows
  1845 | D:3      | Reached XP level 5. HP: 17/29 MP: 5/5
  2128 | D:3      | Learned a level 3 spell: Abjuration
  2142 | D:3      | Found an ancient bone altar of Kikubaaqudgha.
  2304 | D:3      | Reached XP level 6. HP: 34/34 MP: 6/6
  2862 | D:4      | Reached skill level 9 in Crossbows
  2955 | D:4      | Reached XP level 7. HP: 38/38 MP: 7/7
  3093 | D:4      | Reached skill level 10 in Crossbows
  3311 | D:4      | Reached XP level 8. HP: 43/43 MP: 8/8
  3399 | D:4      | Found a staircase to the Ecumenical Temple.
  3412 | Temple   | Entered the Ecumenical Temple
  3487 | Temple   | Became a worshipper of Dithmenos
  3540 | D:4      | Noticed Blork the orc
  3544 | D:4      | Killed Blork the orc
  3544 | D:4      | Reached skill level 1 in Short Blades
  3583 | D:4      | Found an iron altar of Okawaru.
  3678 | D:4      | Got a distressingly furry ring mail
  3700 | D:4      | Identified the +2 ring mail of Gelof {Str+1 Int+1} (You found it on level 4 of the Dungeon)
  3935 | D:5      | Entered Level 5 of the Dungeon
  3948 | D:5      | Reached skill level 1 in Summonings
  4450 | D:5      | Found a white marble altar of Elyvilon.
  4760 | D:5      | Reached skill level 5 in Stealth
  5226 | D:6      | Reached skill level 5 in Short Blades
  5226 | D:6      | Reached XP level 9. HP: 39/47 MP: 9/9
  5746 | D:7      | Found a burning altar of Makhleb.
  5816 | D:7      | Found a flagged portal.
  5892 | D:7      | Found a shimmering altar of Xom.
  6250 | D:8      | Acquired Dithmenos' first power
  6463 | D:8      | Noticed Erolcha
  6465 | D:8      | Paralysed by Erolcha for 4 turns
  6474 | D:8      | Mangled by Erolcha

Action                   |  1- 3 |  4- 6 |  7- 9 || total
-------------------------+-------+-------+-------++-------
Melee: Short sword       |    36 |    20 |    40 ||    96
       Trident           |       |       |     3 ||     3
 Fire: Crossbow          |    50 |    44 |   234 ||   328
Throw: Dart              |       |       |     3 ||     3
       Tomahawk          |       |       |     1 ||     1
Evoke: Wand              |       |       |    33 ||    33
  Use: Scroll            |     1 |       |    15 ||    16
       Potion            |       |       |     6 ||     6
 Stab: Sleeping          |       |       |     1 ||     1
